 Dungeon Crawl Stone Soup version 0.28-a0-1613-gdaab1c2f9b (webtiles) character file.

Game seed: 17016875320515646327

79 murtidash the Gusty (level 4, -2/24 HPs)
             Began as a Tengu Air Elementalist on Jan 21, 2022.
             Killed from afar by a white imp (5 damage)
             ... with a puff of frost
             ... summoned by Natasha
             ... on level 2 of the Dungeon.
             The game lasted 00:01:54 (1471 turns).

murtidash the Gusty (Tengu Air Elementalist)        Turns: 1471, Time: 00:01:54

Health: -2/24      AC:  2    Str:  8    XL:     4   Next: 38%
Magic:  1/9        EV: 12    Int: 17    God:
Gold:   87         SH:  0    Dex: 15    Spells: 7/8 levels left

rFire   . . .      SeeInvis .   (no weapon)
rCold   . . .      Faith    .   (no shield)
rNeg    . . .      Spirit   .   a - +0 robe
rPois   .          Reflect  .   (helmet restricted)
rElec   .          Harm     .   (no cloak)
rCorr   .          Rampage  .   (no gloves)
Will    .....                   (boots unavailable)
Stlth   ++........              (no amulet)
HPRegen 0.08/turn               (no ring)
MPRegen 0.11/turn               (no ring)

@: slowed, very slow
A: beak, talons 3
a: no special abilities


You were on level 2 of the Dungeon.
You visited 1 branch of the dungeon, and saw 2 of its levels.

You collected 87 gold pieces.

Inventory:

Armour
 a - a +0 robe (worn)
Scrolls
 b - 2 scrolls of holy word {unknown}
Potions
 c - a potion of cancellation {unknown}


   Skills:
 - Level 2.1 Dodging
 - Level 2.0 Stealth
 - Level 2.8 Spellcasting
 * Level 3.3 Conjurations
 + Level 5.1 Air Magic


You had 7 spell levels left.
You knew the following spells:

 Your Spells              Type           Power      Damage    Failure   Level
a - Shock                 Conj/Air       64%        1d7       3%          1

Your spell library contained the following spells:

 Spells                   Type           Power      Damage    Failure   Level
 Static Discharge         Conj/Air       16%        N/A       4%          2
 Swiftness                Air            19%        N/A       7%          3
 Airstrike                Air            9%         N/A       22%         4


Dungeon Overview and Level Annotations

Branches:
Dungeon (2/15)

Altars:

Annotations:
D:2 Natasha


Innate Abilities, Weirdness & Mutations

You have a beak for a mouth.
You have claws for feet.


Message History

Aim: Natasha (asleep, 100% to hit)
The zap hits Natasha.
Natasha hisses angrily.
You now have 6/7 mp.
Aim: Natasha (moderately wounded, 64% to hit)
You miscast Shock.
You are very lightly contaminated with residual magic.
Nothing appears to happen.
You now have 5/7 mp.
Aim: Natasha (moderately wounded, 64% to hit)
The zap hits Natasha.
Natasha casts a spell at you. The magic dart hits you!
You take 9 damage, and have 10/19 hp.
MASSIVE DAMAGE!!
You now have 4/7 mp.
Aim: Natasha (moderately wounded, 64% to hit)
The zap hits Natasha.
You now have 3/7 mp.
Aim: Natasha (severely wounded, 64% to hit)
The zap misses Natasha.
Natasha casts a spell at you. You resist with significant effort.
You now have 2/7 mp.
Aim: Natasha (severely wounded, 64% to hit)
The zap hits Natasha.
You kill Natasha!
Natasha screams in pain as she dies!
Your Conjurations skill increases to level 3!
You now have 1/8 mp.
Your magical contamination has completely faded away.
Natasha, Servant of Life and Death comes into view.
You regained 6 hp, and now have 17/19 hp.
MP restored: 8
Aim: Natasha (wandering, hasn't noticed you, 64% to hit)
The zap hits Natasha.
Natasha hisses angrily.
You now have 7/8 mp.
Aim: Natasha (moderately wounded, 64% to hit)
The zap hits Natasha.
Natasha casts a spell at you. The magic dart hits you.
You take 3 damage, and have 14/19 hp.
You now have 6/8 mp.
Aim: Natasha (moderately wounded, 64% to hit)
The zap hits Natasha.
You now have 5/8 mp.
Aim: Natasha (heavily wounded, 64% to hit)
The zap hits Natasha.
You now have 4/8 mp.
Aim: Natasha (almost dead, 64% to hit)
The zap hits Natasha.
You now have 3/8 mp.
Aim: Natasha (almost dead, 64% to hit)
The zap misses Natasha.
Natasha barely misses you.
You now have 2/8 mp.
Aim: Natasha (almost dead, 64% to hit)
The zap hits Natasha.
You kill Natasha!
Natasha screams in pain as she dies!
Your Air Magic skill increases to level 5!
You have reached level 4!
You feel agile.
You regained 4 hp, and now have 19/24 hp.
You now have 1/9 mp.
Okay, then.
Natasha, Servant of Life and Death comes into view.
You regained 2 hp, and now have 21/24 hp.
You regained 3 mp, and now have 4/9 mp.
Aim: Natasha (wandering, hasn't noticed you, 64% to hit)
The zap hits Natasha.
Natasha hisses angrily.
Natasha casts a spell at you.
You feel yourself slow down.
Aim: Natasha (lightly wounded, 64% to hit)
The zap misses Natasha.
You now have 3/9 mp.
Natasha casts a spell at you. The magic dart hits you.
You take 6 damage, and have 15/24 hp.
MASSIVE DAMAGE!!
Aim: Natasha (lightly wounded, 64% to hit)
The zap hits Natasha.
Natasha casts a spell at you. The magic dart hits you.
You take 6 damage, and have 9/24 hp.
MASSIVE DAMAGE!!
You now have 2/9 mp.
Aim: Natasha (moderately wounded, 64% to hit)
The zap hits Natasha.
You now have 1/9 mp.
Aim: Natasha (severely wounded, 64% to hit)
That beam is likely to hit you.
Continue anyway?
The zap hits Natasha but does no damage.
The zap hits Natasha.
The zap misses you.
Natasha mumbles some strange words.
Natasha casts a spell at you. The magic dart hits you!
* * * LOW HITPOINT WARNING * * *
You take 7 damage, and have 3/24 hp.
MASSIVE DAMAGE!!
You now have 0/9 mp.
You don't have enough magic to cast this spell.
Natasha claws you but does no damage.
You barely miss Natasha. You claw Natasha, but do no damage.
Your peck misses Natasha. Natasha barely misses you.
The white imp gestures at you. The puff of frost hits you.
You die...

.#########.......#
............####.###
#####.#<#...#.......
........#.....#
.##...#.#..#..#
#............#
#......###...####
.........5....†....
.#......@h..#..####
........$........
.......)†......##
######......##.#
#...!..# ..#
#...†..# .# #......#
#####... ....


You could see Natasha and a white imp (summoned).

Vanquished Creatures
  Natasha (twice) (D:2)
  2 dart slugs (D:1)
  3 bats (D:1)
  2 endoplasms
  2 giant cockroaches (D:1)
  2 goblins (D:1)
  A hobgoblin (D:1)
  A quokka (D:1)
  3 ball pythons (D:1)
  3 frilled lizards (D:1)
  3 kobolds (D:1)
  7 rats
31 creatures vanquished.

Notes
Turn   | Place    | Note
-------+----------+-------------------------------------------
     0 | D:1      | murtidash the Tengu Air Elementalist began the quest for
                  | the Orb.
     0 | D:1      | Reached XP level 1. HP: 10/10 MP: 4/4
   204 | D:1      | Reached XP level 2. HP: 15/15 MP: 3/6
   294 | D:1      | Reached skill level 2 in Conjurations
   512 | D:1      | Found a faded altar of an unknown god.
   812 | D:1      | Reached XP level 3. HP: 19/19 MP: 0/7
  1309 | D:2      | Noticed Natasha
  1315 | D:2      | Killed Natasha
  1316 | D:2      | Reached skill level 3 in Conjurations
  1428 | D:2      | Noticed Natasha
  1435 | D:2      | Killed Natasha
  1436 | D:2      | Reached skill level 5 in Air Magic
  1436 | D:2      | Reached XP level 4. HP: 19/24 MP: 1/9
  1463 | D:2      | Noticed Natasha
  1469 | D:2      | HP: 3/24 [Natasha/magic dart (7)]
  1471 | D:2      | Killed from afar by a white imp

Illustrated notes

Levels and vault maps discovered:
D:1:      lightli_iron_boxes, layout_loops_cross, serial_forest,
          infiniplex_forest_lined_1, infiniplex_forest_end_3,
          infiniplex_forest_lined_2, infiniplex_forest_lined_room_2,
          hellmonk_ecumenical_altar_lost_god, minivault_24, minivault_4,
          minmay_nonomino_d4
D:2:      layout_basic, uniq_crazy_yiuf_cottage, uniq_natasha

Skill      XL: |  1  2  3 |
---------------+----------+-----
Conjurations   | 2 3 |  3.3
Air Magic      | 5 |  5.1
Dodging        | |  2.1
Stealth        | |  2.0
Spellcasting   | |  2.8

Action                   |  1- 3 |  4- 6 || total
-------------------------+-------+-------++-------
Melee: Unarmed           |     2 |     1 ||     3
       Kick              |     1 |     1 ||     2
 Cast: Shock             |    60 |     5 ||    65
Armor: Robe              |     1 |     1 ||     2
Dodge: Dodged            |     1 |     2 ||     3

Table legend: (Time is in decaauts)
 A = Elapsed time spent in this place.
 B = Non-inter-level travel time spent in this place.
 C = Inter-level travel time spent in this place.
 D = Time resting spent in this place.
 E = Time spent auto-exploring this place.
 F = Levels seen in this place.
 G = Mean time per level.
                   A        B        C        D        E       F      G
               +--------+--------+--------+--------+--------+-----+--------+
         Total |   1475 |   1442 |     33 |      6 |   1285 |   2 |  737.5 |
       Dungeon |   1475 |   1442 |     33 |      6 |   1285 |   2 |  737.5 |
               +--------+--------+--------+--------+--------+-----+--------+

Top non-repeatable levels by time:
     D:1: 1237 daAuts
     D:2: 237 daAuts

Table legend:
 A = Kills in this place as a percentage of kills in entire the game.
 B = Kills by you in this place as a percentage of kills by you in the entire game.
 C = Kills by friends in this place as a percentage of kills by friends in the entire game.
 D = Other kills in this place as a percentage of other kills in the entire game.
 E = Experience gained in this place as a percentage of experience gained in the entire game.
 F = Experience gained in this place divided by the number of levels of this place that you have seen.
                   A       B       C       D       E      F
               +-------+-------+-------+-------+-------+----------------------
         Total | 100.0 | 100.0 |   N/A |   N/A | 100.0 |  57.0
       Dungeon | 100.0 | 100.0 |   N/A |   N/A | 100.0 |  57.0
               +-------+-------+-------+-------+-------+----------------------
